[Event "22nd Ruzomberok Open 2019"]
[Site "Ruzomberok"]
[Date "2019.07.05"]
[Round "7.6"]
[White "Motycakova, Monika"]
[Black "Mrvova, Alena"]
[Result "1/2-1/2"]
[ECO "B84"]
[WhiteElo "2150"]
[BlackElo "2153"]
[Annotator "NA"]
[PlyCount "92"]
[EventDate "2019.06.29"]
[EventType "swiss"]
[EventCountry "SVK"]
[SourceTitle "playchess.com"]
[Source "ChessBase"]
[SourceQuality "1"]
[TimeControl "40/5400+30:1800+30"]

1. e4 c5 2. Nf3 d6 3. d4 cxd4 4. Nxd4 Nf6 5. Nc3 a6 6. Be2 e6 7. O-O Be7 8. f4 Qc7 9. a4 b6 10. Bf3 Bb7 11. e5 dxe5 12. Bxb7 exd4 13. Bxa8 dxc3 14. Qd3 cxb2 15. Bxb2 O-O 16. Be5 Qa7 17. Bf3 Nbd7 18. Bb2 Qc7 19. f5 Nc5 20. Qe3 exf5 21. Qg5 Qc8 22. Rfe1 h6 23. Qg3 Ne6 24. Re2 f4 25. Qe1 Bc5+ 26. Kh1 Nh7 27. Bd5 Nc7 28. Qc3 Nf6 29. Bf3 Ne6 30. Qc4 Be3 31. Qxc8 Rxc8 32. Bb7 Rd8 33. Bxf6 gxf6 34. Bxa6 Nd4 35. Rd1 Ra8 36. Rxd4 Bxd4 37. Bb5 Be3 38. g3 Rd8 39. Bd3 Rd4 40. gxf4 Bxf4 41. Re4 Rxe4 42. Bxe4 Kf8 43. Kg2 Ke7 44. h3 Kd6 45. Kf3 Bc1 46. Bd3 Kc5 1/2-1/2

[Event "22nd Ruzomberok Open 2019"]
[Site "Ruzomberok"]
[Date "2019.07.05"]
[Round "7.7"]
[White "Farkas, Gabor"]
[Black "Hrnciar, Roman"]
[Result "1-0"]
[ECO "B03"]
[WhiteElo "2353"]
[BlackElo "2096"]
[Annotator "NA"]
[PlyCount "59"]
[EventDate "2019.06.29"]
[EventType "swiss"]
[EventCountry "SVK"]
[SourceTitle "playchess.com"]
[Source "ChessBase"]
[SourceQuality "1"]
[TimeControl "40/5400+30:1800+30"]

1. e4 Nf6 2. e5 Nd5 3. d4 d6 4. c4 Nb6 5. exd6 exd6 6. Nc3 Be7 7. Be3 Nc6 8. h3 O-O 9. Nf3 Re8 10. Be2 Bf5 11. O-O Bf6 12. Rc1 d5 13. c5 Nc8 14. Re1 g6 15. Nh2 N8e7 16. Ng4 Bxg4 17. Bxg4 Bg7 18. Qd3 Nb4 19. Qb5 a5 20. a3 c6 21. Qe2 Na6 22. Bg5 Kf8 23. Na4 Qc7 24. Nb6 Rad8 25. Qd2 Nf5 26. Bxd8 Rxe1+ 27. Rxe1 Qxd8 28. Bxf5 gxf5 29. Qf4 Qf6 30. Nd7+ 1-0

[Event "22nd Ruzomberok Open 2019"]
[Site "Ruzomberok"]
[Date "2019.07.05"]
[Round "7.8"]
[White "Karas, Marek"]
[Black "Cech, Dominik"]
[Result "1-0"]
[ECO "A48"]
[WhiteElo "2268"]
[BlackElo "2092"]
[Annotator "NA"]
[PlyCount "105"]
[EventDate "2019.06.29"]
[EventType "swiss"]
[EventCountry "SVK"]
[SourceTitle "playchess.com"]
[Source "ChessBase"]
[SourceQuality "1"]
[TimeControl "40/5400+30:1800+30"]

1. d4 Nf6 2. Nf3 g6 3. Nc3 d5 4. Bf4 Bg7 5. e3 O-O 6. Nb5 Na6 7. h3 c6 8. Nc3 Qa5 9. Qd2 c5 10. Be2 cxd4 11. exd4 Bd7 12. O-O Rfc8 13. Ne5 Be8 14. a3 Qd8 15. Bf3 Nc7 16. Rfe1 Ne6 17. Be3 b5 18. g4 a5 19. Qd3 b4 20. axb4 axb4 21. Ne2 Rxa1 22. Rxa1 Ra8 23. Rxa8 Qxa8 24. Qb3 Qa4 25. Nd3 Qxb3 26. cxb3 Nc7 27. Nxb4 e6 28. Nc3 Bd7 29. Be2 Nfe8 30. Na6 e5 31. dxe5 Bxe5 32. f4 Bg7 33. Nxc7 Nxc7 34. Bb6 Na8 35. Ba5 Bd4+ 36. Kg2 Nb6 37. Bf3 Be6 38. Bxb6 Bxb6 39. Bxd5 Bd7 40. b4 Kf8 41. b5 Ke7 42. Kf3 h5 43. Bc4 hxg4+ 44. hxg4 Bg1 45. Nd5+ Kd8 46. Nf6 Be8 47. Ke4 Ke7 48. g5 Bf2 49. b6 Bc6+ 50. Bd5 Kd6 51. Bxc6 Kxc6 52. Ng4 Bh4 53. Ne5+ {[%emt 0:00:00] Kd5+} 1-0

[Event "22nd Ruzomberok Open 2019"]
[Site "Ruzomberok"]
[Date "2019.07.05"]
[Round "7.9"]
[White "Holly, Andrej"]
[Black "Sarkozy, Ladislav"]
[Result "1/2-1/2"]
[ECO "B20"]
[WhiteElo "2046"]
[BlackElo "2227"]
[Annotator "NA"]
[PlyCount "26"]
[EventDate "2019.06.29"]
[EventType "swiss"]
[EventCountry "SVK"]
[SourceTitle "playchess.com"]
[Source "ChessBase"]
[SourceQuality "1"]
[TimeControl "40/5400+30:1800+30"]

1. e4 c5 2. Be2 d6 3. f4 Nf6 4. d3 g6 5. Nf3 Bg7 6. O-O O-O 7. c3 Nc6 8. Qe1 c4 9. Nbd2 cxd3 10. Bxd3 e5 11. fxe5 dxe5 12. Bc2 Nh5 13. Nc4 Be6 1/2-1/2

[Event "22nd Ruzomberok Open 2019"]
[Site "Ruzomberok"]
[Date "2019.07.05"]
[Round "7.10"]
[White "Vacek, Ondrej"]
[Black "Bartek, Ladislav"]
[Result "1/2-1/2"]
[ECO "E92"]
[WhiteElo "2125"]
[BlackElo "2042"]
[Annotator "NA"]
[PlyCount "68"]
[EventDate "2019.06.29"]
[EventType "swiss"]
[EventCountry "SVK"]
[SourceTitle "playchess.com"]
[Source "ChessBase"]
[SourceQuality "1"]
[TimeControl "40/5400+30:1800+30"]

1. Nf3 Nf6 2. c4 g6 3. Nc3 Bg7 4. e4 d6 5. d4 O-O 6. Be2 e5 7. Be3 Nc6 8. d5 Ne7 9. Nd2 Nd7 10. Rc1 f5 11. f3 fxe4 12. fxe4 c5 13. Nf3 Nf6 14. Ng5 h6 15. Ne6 Bxe6 16. dxe6 Nc6 17. O-O Nd4 18. Nd5 Nxe6 19. Nxf6+ Rxf6 20. Qd5 Kh7 21. Rxf6 Qxf6 22. Qxb7 Nf4 23. Bf3 Rf8 24. Rd1 Nh3+ 25. Kh1 Rf7 26. Qc8 Ng5 27. Bxg5 Qxg5 28. Qe6 Rf6 29. Qd5 Qe3 30. Qd3 Qxd3 31. Rxd3 h5 32. Kg1 Bh6 33. h3 Bc1 34. Rb3 Rf7 1/2-1/2

[Event "22nd Ruzomberok Open 2019"]
[Site "Ruzomberok"]
[Date "2019.07.05"]
[Round "7.11"]
[White "Orvisky, Vladimir"]
[Black "Majerova, Veronika"]
[Result "1-0"]
[ECO "E92"]
[WhiteElo "1719"]
[BlackElo "1531"]
[Annotator "NA"]
[PlyCount "73"]
[EventDate "2019.06.29"]
[EventType "swiss"]
[EventCountry "SVK"]
[SourceTitle "playchess.com"]
[Source "ChessBase"]
[SourceQuality "1"]
[TimeControl "40/5400+30:1800+30"]

1. c4 g6 2. Nc3 Bg7 3. d4 d6 4. Nf3 Nf6 5. e4 O-O 6. Be2 e5 7. dxe5 dxe5 8. Qxd8 Rxd8 9. Bg5 Re8 10. Rd1 c6 11. O-O Nbd7 12. Rd6 h6 13. Bc1 Nc5 14. Nd2 a5 15. f3 Nh5 16. Nb3 Ne6 17. a4 Nd4 18. Nxd4 exd4 19. Nb1 Be5 20. g4 Ng7 21. c5 Bxd6 22. cxd6 Kh7 23. Bd3 Bd7 24. Re1 c5 25. b3 Bc6 26. f4 f6 27. Kf2 Re6 28. e5 fxe5 29. fxe5 Rf8+ 30. Kg1 Bf3 31. Bc4 Ree8 32. e6 Bxg4 33. e7 Rf6 34. Bf4 Bd7 35. Be5 Rf3 36. Bb5 Bxb5 37. axb5 1-0

[Event "22nd Ruzomberok Open 2019"]
[Site "Ruzomberok"]
[Date "2019.07.05"]
[Round "7.12"]
[White "Bemak, Mikhail"]
[Black "Baleja, Marian"]
[Result "0-1"]
[ECO "D19"]
[WhiteElo "2102"]
[BlackElo "1951"]
[Annotator "NA"]
[PlyCount "162"]
[EventDate "2019.06.29"]
[EventType "swiss"]
[EventCountry "SVK"]
[SourceTitle "playchess.com"]
[Source "ChessBase"]
[SourceQuality "1"]
[TimeControl "40/5400+30:1800+30"]

1. d4 d5 2. c4 c6 3. Nf3 Nf6 4. Nc3 dxc4 5. a4 Bf5 6. e3 e6 7. Bxc4 Bb4 8. O-O O-O 9. Qe2 Nbd7 10. e4 Bg6 11. e5 Nd5 12. Nxd5 cxd5 13. Bd3 Bxd3 14. Qxd3 Be7 15. Bd2 Rc8 16. Rfc1 Nb8 17. b4 Rxc1+ 18. Rxc1 Nc6 19. Qb5 Qd7 20. a5 a6 21. Qa4 Rd8 22. Qb3 Na7 23. Ne1 Rc8 24. Rxc8+ Qxc8 25. Qc2 Qxc2 26. Nxc2 Nc6 27. Kf1 f6 28. f4 g5 29. g3 Kf7 30. Ke2 Kg6 31. Kf3 gxf4 32. gxf4 Kh5 33. Be1 fxe5 34. dxe5 Bh4 35. Bd2 Bd8 36. Be1 b6 37. axb6 Bxb6 38. Bd2 Kh4 39. Be1+ Kh3 40. Bg3 Nd4+ 41. Nxd4 Bxd4 42. f5 Bc3 43. fxe6 Bxb4 44. Be1 Be7 45. Ba5 Kh4 46. Kf4 Kh5 47. Ke3 Bc5+ 48. Kd3 Kg6 49. Bd8 Kg7 50. Bc7 Kg6 51. Bd6 Bg1 52. h3 Bb6 53. Kc3 Kg7 54. Kb4 Kg8 55. Ka4 h5 56. Kb4 Kg7 57. Kc3 Kg6 58. Kd3 Bg1 59. Ke2 Bd4 60. Kf3 a5 61. Kf4 Bb2 62. Ke3 a4 63. e7 Kf7 64. e6+ Ke8 65. Kd3 Bf6 66. Ba3 Bxe7 67. Bc1 Bc5 68. Bg5 a3 69. Kc2 Bd4 70. Kb3 Bb2 71. Kc2 d4 72. Kb3 d3 73. h4 Kf8 74. e7+ Kf7 75. Ka2 Bf6 76. Bd2 Bxe7 77. Kb3 Ke6 78. Kc3 Bxh4 79. Bc1 Bf6+ 80. Kb3 Bb2 81. Bg5 Kf5 0-1

[Event "22nd Ruzomberok Open 2019"]
[Site "Ruzomberok"]
[Date "2019.07.05"]
[Round "7.13"]
[White "Balogh, Peter"]
[Black "Janik, Miroslav"]
[Result "1-0"]
[ECO "B77"]
[WhiteElo "2037"]
[BlackElo "1889"]
[Annotator "NA"]
[PlyCount "58"]
[EventDate "2019.06.29"]
[EventType "swiss"]
[EventCountry "SVK"]
[SourceTitle "playchess.com"]
[Source "ChessBase"]
[SourceQuality "1"]
[TimeControl "40/5400+30:1800+30"]

1. e4 c5 2. Nf3 Nc6 3. Nc3 g6 4. d4 cxd4 5. Nxd4 Bg7 6. Be3 d6 7. Bc4 Nf6 8. f3 O-O 9. Qd2 Bd7 10. Bb3 Na5 11. O-O-O Rc8 12. Bh6 Nc4 13. Bxc4 Rxc4 14. Nce2 Qb6 15. Bxg7 Kxg7 16. g4 Rfc8 17. c3 Qa5 18. Kb1 Be6 19. Nxe6+ fxe6 20. h4 Qe5 21. Nf4 a5 22. h5 g5 23. Nd3 Qb5 24. e5 Nd5 25. Qxg5+ Kh8 26. Ka1 a4 27. exd6 exd6 28. Ne5 Qe8 29. Nxc4 Rxc4 1-0

[Event "22nd Ruzomberok Open 2019"]
[Site "Ruzomberok"]
[Date "2019.07.05"]
[Round "7.14"]
[White "Ambrozi, Peter"]
[Black "Palider, Pavol"]
[Result "1-0"]
[ECO "A46"]
[WhiteElo "1888"]
[BlackElo "2026"]
[Annotator "NA"]
[PlyCount "83"]
[EventDate "2019.06.29"]
[EventType "swiss"]
[EventCountry "SVK"]
[SourceTitle "playchess.com"]
[Source "ChessBase"]
[SourceQuality "1"]
[TimeControl "40/5400+30:1800+30"]

1. d4 Nf6 2. Nf3 d5 3. g3 Bf5 4. Bg2 e6 5. O-O Bd6 6. c4 c6 7. Nc3 h6 8. Nd2 O-O 9. e4 dxe4 10. Ndxe4 Bc7 11. Be3 Nbd7 12. h3 Nxe4 13. Nxe4 Bxe4 14. Bxe4 f5 15. Bg2 f4 16. gxf4 Bxf4 17. Qg4 e5 18. dxe5 Bxe5 19. Qe6+ Rf7 20. Rad1 Qf6 21. Qxf6 Nxf6 22. b3 Raf8 23. Rd2 Bb8 24. Rfd1 Re8 25. Rd8 Rff8 26. Rxe8 Rxe8 27. b4 Bc7 28. a4 a5 29. b5 cxb5 30. cxb5 b6 31. Rc1 Re7 32. Rc6 Kf7 33. Kf1 Ke8 34. Bxb6 Bxb6 35. Rxb6 Ne4 36. Rb8+ Kf7 37. Ra8 Nd2+ 38. Kg1 Re1+ 39. Kh2 Kf6 40. b6 Nf1+ 41. Bxf1 Rxf1 42. b7 1-0

[Event "22nd Ruzomberok Open 2019"]
[Site "Ruzomberok"]
[Date "2019.07.05"]
[Round "7.15"]
[White "Viczencz, Peter"]
[Black "Karcol, Jan"]
[Result "1-0"]
[ECO "C55"]
[WhiteElo "2014"]
[BlackElo "1882"]
[Annotator "NA"]
[PlyCount "85"]
[EventDate "2019.06.29"]
[EventType "swiss"]
[EventCountry "SVK"]
[SourceTitle "playchess.com"]
[Source "ChessBase"]
[SourceQuality "1"]
[TimeControl "40/5400+30:1800+30"]

1. e4 e5 2. Nf3 Nc6 3. Bc4 Nf6 4. O-O Be7 5. Nc3 d6 6. d4 Bg4 7. Bb5 O-O 8. Bxc6 bxc6 9. dxe5 Bxf3 10. Qxf3 dxe5 11. Rd1 Qc8 12. Bg5 Qe6 13. b3 Rfd8 14. Ne2 h6 15. Bh4 Rd6 16. Rxd6 cxd6 17. c4 g5 18. Bg3 h5 19. h4 g4 20. Qe3 Nh7 21. f4 f6 22. f5 Qf7 23. Bf2 d5 24. cxd5 cxd5 25. exd5 Qxd5 26. Ng3 a5 27. Nxh5 a4 28. Qe2 Kh8 29. Rd1 Qc6 30. Qc4 Qe8 31. Qxg4 Qg8 32. Qxg8+ Kxg8 33. Rd7 axb3 34. axb3 Kf8 35. b4 Ke8 36. Rb7 Nf8 37. Ng7+ Kf7 38. Bc5 Kxg7 39. Rxe7+ Kg8 40. b5 Rc8 41. Be3 Rc3 42. Kf2 Rd3 43. Rc7 1-0

[Event "22nd Ruzomberok Open 2019"]
[Site "Ruzomberok"]
[Date "2019.07.05"]
[Round "7.16"]
[White "Bakalar, Jan"]
[Black "Mikulec, Martin"]
[Result "1-0"]
[ECO "B90"]
[WhiteElo "1969"]
[BlackElo "1875"]
[Annotator "NA"]
[PlyCount "95"]
[EventDate "2019.06.29"]
[EventType "swiss"]
[EventCountry "SVK"]
[SourceTitle "playchess.com"]
[Source "ChessBase"]
[SourceQuality "1"]
[TimeControl "40/5400+30:1800+30"]

1. e4 c5 2. Nf3 d6 3. d4 cxd4 4. Nxd4 Nf6 5. Nc3 a6 6. h3 e6 7. g4 e5 8. Nde2 Be7 9. Bg2 h6 10. Ng3 Nc6 11. Be3 Be6 12. Nd5 Nd7 13. Nxe7 Nxe7 14. Qxd6 Rc8 15. c3 Rc6 16. Qd2 Qc7 17. O-O Rd6 18. Qc2 O-O 19. Nf5 Nxf5 20. exf5 Bd5 21. Bxd5 Rxd5 22. Rfd1 Nb6 23. f6 Rfd8 24. fxg7 Kxg7 25. b3 Nc8 26. c4 Rxd1+ 27. Rxd1 Ne7 28. Rxd8 Qxd8 29. Qd2 Qxd2 30. Bxd2 Kg6 31. f3 f5 32. Bc3 e4 33. Kf2 exf3 34. Kxf3 Kg5 35. gxf5 Kxf5 36. b4 Ng6 37. b5 axb5 38. cxb5 h5 39. a4 Nf4 40. a5 Nd5 41. a6 bxa6 42. bxa6 Nc7 43. a7 Ke6 44. Ba5 Na8 45. Kf4 Kd7 46. Kg5 Kc6 47. Kxh5 Kb7 48. Kg6 1-0

[Event "22nd Ruzomberok Open 2019"]
[Site "Ruzomberok"]
[Date "2019.07.05"]
[Round "7.17"]
[White "Jakab, Stefan"]
[Black "Koloditsova, Renata"]
[Result "0-1"]
[ECO "C01"]
[WhiteElo "1751"]
[BlackElo "1903"]
[Annotator "NA"]
[PlyCount "88"]
[EventDate "2019.06.29"]
[EventType "swiss"]
[EventCountry "SVK"]
[SourceTitle "playchess.com"]
[Source "ChessBase"]
[SourceQuality "1"]
[TimeControl "40/5400+30:1800+30"]

1. e4 e6 2. d4 d5 3. exd5 exd5 4. Bd3 Bd6 5. Nf3 Nf6 6. Bg5 O-O 7. O-O Bg4 8. Nbd2 Nbd7 9. c3 c6 10. Qc2 Qc7 11. Rfe1 Rfe8 12. Bf5 h6 13. Bh4 Qb6 14. Bxg4 Nxg4 15. h3 Ngf6 16. Bxf6 Nxf6 17. Rxe8+ Rxe8 18. Re1 Rxe1+ 19. Nxe1 Qa6 20. Nd3 Qxa2 21. g3 a5 22. c4 dxc4 23. Nxc4 Bf8 24. f3 Nd5 25. Nde5 Qa1+ 26. Kf2 a4 27. Qf5 Nf6 28. Qc8 b5 29. Qc7 Qb1 30. Qxf7+ Kh7 31. Qxf8 bxc4 32. Nf7 Qxb2+ 33. Kf1 Qc1+ 34. Kg2 Qd2+ 35. Kf1 Qd3+ 36. Kg2 Qe2+ 37. Kg1 Qe3+ 38. Kg2 Qd2+ 39. Kf1 Qd1+ 40. Kg2 Qc2+ 41. Kf1 Ng8 42. Qc5 Qd3+ 43. Kg2 c3 44. Ne5 Qd2+ 0-1

[Event "22nd Ruzomberok Open 2019"]
[Site "Ruzomberok"]
[Date "2019.07.05"]
[Round "7.18"]
[White "Taragelova, Martina"]
[Black "Tomanek, Rafael"]
[Result "1/2-1/2"]
[ECO "B14"]
[WhiteElo "1719"]
[BlackElo "1880"]
[Annotator "NA"]
[PlyCount "134"]
[EventDate "2019.06.29"]
[EventType "swiss"]
[EventCountry "SVK"]
[SourceTitle "playchess.com"]
[Source "ChessBase"]
[SourceQuality "1"]
[TimeControl "40/5400+30:1800+30"]

1. e4 c6 2. d4 d5 3. exd5 cxd5 4. c4 Nf6 5. Nc3 e6 6. Nf3 Bb4 7. cxd5 Nxd5 8. Bd2 Nc6 9. Bd3 O-O 10. O-O Be7 11. a3 Bf6 12. Qc2 g6 13. Bh6 Bg7 14. Bxg7 Kxg7 15. Rad1 Bd7 16. Qd2 Nce7 17. Ne5 Nf6 18. Bb1 Rc8 19. Rfe1 Ned5 20. Nxd5 Nxd5 21. Re4 Bc6 22. Rg4 Qf6 23. Rg3 Kh8 24. Rf3 Qg7 25. Rh3 Rc7 26. Nf3 f6 27. Rh6 Be8 28. Rh4 Bf7 29. Be4 Rd8 30. Bxd5 Rxd5 31. Re4 Rcd7 32. Qc3 Qf8 33. Re2 Qd8 34. Rc1 R5d6 35. Qc8 Qxc8 36. Rxc8+ Rd8 37. Rc7 R8d7 38. Rc8+ Kg7 39. h3 g5 40. Rec2 Bg6 41. R2c7 Be4 42. Rxd7+ Rxd7 43. Kh2 Bxf3 44. gxf3 Kg6 45. Rb8 Kf5 46. Kg3 h5 47. Rf8 h4+ 48. Kg2 a6 49. Rb8 Kf4 50. Re8 Rd6 51. Re7 b6 52. Ra7 a5 53. Re7 Kf5 54. Rb7 Kf4 55. Re7 Kf5 56. Rb7 a4 57. Rb8 Kf4 58. Re8 b5 59. Rb8 Rd5 60. Rb6 Kf5 61. Rb8 Kg6 62. Rb6 Kf7 63. Rb7+ Ke8 64. Kf1 e5 65. dxe5 Rxe5 66. Kg2 Kd8 67. f4 Rf5 1/2-1/2

[Event "22nd Ruzomberok Open 2019"]
[Site "Ruzomberok"]
[Date "2019.07.05"]
[Round "7.19"]
[White "Stanko, Ivan"]
[Black "Kapicakova, Lucia"]
[Result "1/2-1/2"]
[ECO "B12"]
[WhiteElo "1859"]
[BlackElo "1776"]
[Annotator "NA"]
[PlyCount "46"]
[EventDate "2019.06.29"]
[EventType "swiss"]
[EventCountry "SVK"]
[SourceTitle "playchess.com"]
[Source "ChessBase"]
[SourceQuality "1"]
[TimeControl "40/5400+30:1800+30"]

1. e4 c6 2. d4 d5 3. e5 Bf5 4. Nf3 e6 5. Be2 Bb4+ 6. c3 Ba5 7. O-O Nd7 8. Nbd2 Bc7 9. Nb3 f6 10. Bf4 Qb8 11. exf6 Ngxf6 12. Bxc7 Qxc7 13. Nh4 O-O 14. c4 h6 15. cxd5 Nxd5 16. Bd3 Bxd3 17. Qxd3 e5 18. Ng6 Rfe8 19. Rfe1 exd4 20. Nxd4 Ne5 21. Nxe5 Rxe5 22. Nf3 Ree8 23. Rac1 Nf6 1/2-1/2

[Event "22nd Ruzomberok Open 2019"]
[Site "Ruzomberok"]
[Date "2019.07.05"]
[Round "7.20"]
[White "Marsina, Stefan"]
[Black "Kukan, Michal"]
[Result "1-0"]
[ECO "A46"]
[WhiteElo "1857"]
[BlackElo "1698"]
[Annotator "NA"]
[PlyCount "83"]
[EventDate "2019.06.29"]
[EventType "swiss"]
[EventCountry "SVK"]
[SourceTitle "playchess.com"]
[Source "ChessBase"]
[SourceQuality "1"]
[TimeControl "40/5400+30:1800+30"]

1. d4 Nf6 2. Nf3 d6 3. Bg5 Nbd7 4. e3 e5 5. Nc3 c6 6. Be2 Qa5 7. Bh4 Ne4 8. Qd3 d5 9. O-O Nxc3 10. Qxc3 Bb4 11. Qb3 e4 12. Ne1 h6 13. c4 g5 14. Bg3 Be7 15. cxd5 cxd5 16. f3 Qd2 17. Rf2 O-O 18. fxe4 Nf6 19. Bf3 Qa5 20. exd5 g4 21. d6 Bd8 22. Be2 Ne4 23. Rf1 Nxg3 24. hxg3 Be6 25. Bc4 Bxc4 26. Qxc4 Bg5 27. Qd3 Rae8 28. e4 Qb6 29. Rf5 Qxd6 30. Nc2 Rc8 31. Rd5 Qe6 32. Ne3 Qb6 33. b3 Qb4 34. Nc4 b5 35. Ne5 Rc3 36. Qd1 Be3+ 37. Kh2 h5 38. Nd7 Rfc8 39. Rxh5 f6 40. Qxg4+ Kf7 41. Rh7+ Ke8 42. Qg8+ {[%emt 0:00:11] Ra8} 1-0

[Event "22nd Ruzomberok Open 2019"]
[Site "Ruzomberok"]
[Date "2019.07.05"]
[Round "7.21"]
[White "Horbal, Jozef"]
[Black "Pasztor, Ladislav"]
[Result "1/2-1/2"]
[ECO "C41"]
[WhiteElo "1660"]
[BlackElo "1857"]
[Annotator "NA"]
[PlyCount "134"]
[EventDate "2019.06.29"]
[EventType "swiss"]
[EventCountry "SVK"]
[SourceTitle "playchess.com"]
[Source "ChessBase"]
[SourceQuality "1"]
[TimeControl "40/5400+30:1800+30"]

1. e4 e5 2. Nf3 d6 3. d4 exd4 4. Nxd4 Be7 5. Nc3 Nf6 6. Be2 Nbd7 7. h3 Nc5 8. Bf3 c6 9. Be3 Qc7 10. O-O Be6 11. Nxe6 Nxe6 12. a4 a5 13. Qd2 Rd8 14. Rad1 O-O 15. Qe2 Nd7 16. Bg4 Ne5 17. f4 Nxg4 18. Qxg4 Bf6 19. Rd3 Nc5 20. Bxc5 dxc5 21. e5 Be7 22. Rfd1 c4 23. Rxd8 Rxd8 24. Rxd8+ Qxd8 25. Kh1 g6 26. f5 h5 27. Qg3 Bh4 28. Qf3 Qd4 29. fxg6 fxg6 30. e6 Qf6 31. Qe2 Qf2 32. Qxf2 Bxf2 33. Ne4 Be1 34. Nd6 Kf8 35. Nxb7 Ke7 36. c3 Kxe6 37. Nxa5 Kd5 38. Nb7 c5 39. a5 Kc6 40. a6 Bf2 41. Na5+ Kb6 42. Nxc4+ Kxa6 43. g4 hxg4 44. hxg4 Kb5 45. Ne5 g5 46. Kg2 Be3 47. Kf3 Bf4 48. Nd3 Bd6 49. Ke4 Kc4 50. b4 cxb4 51. cxb4 Be7 52. Ne5+ Kb5 53. Nd3 Kc4 54. Ne5+ Kb5 55. Kf5 Bxb4 56. Kxg5 Bd2+ 57. Kf5 Kc5 58. Nd3+ Kd6 59. Nf4 Ke7 60. g5 Bxf4 61. Kxf4 Kf7 62. Kg4 Kg6 63. Kh4 Kg7 64. Kh5 Kh7 65. g6+ Kg7 66. Kg5 Kg8 67. Kf6 Kf8 1/2-1/2

[Event "22nd Ruzomberok Open 2019"]
[Site "Ruzomberok"]
[Date "2019.07.05"]
[Round "7.22"]
[White "Cernekova, Martina"]
[Black "Salomons, Lorenzo"]
[Result "0-1"]
[ECO "D59"]
[WhiteElo "1659"]
[BlackElo "1842"]
[Annotator "NA"]
[PlyCount "64"]
[EventDate "2019.06.29"]
[EventType "swiss"]
[EventCountry "SVK"]
[SourceTitle "playchess.com"]
[Source "ChessBase"]
[SourceQuality "1"]
[TimeControl "40/5400+30:1800+30"]

1. d4 d5 2. c4 e6 3. Nc3 Nf6 4. Bg5 Be7 5. e3 h6 6. Bh4 O-O 7. Nf3 b6 8. cxd5 Nxd5 9. Bxe7 Qxe7 10. Nxd5 exd5 11. Bd3 Be6 12. O-O c5 13. b3 Rc8 14. Rc1 Nd7 15. Qc2 Rc7 16. Bf5 c4 17. Bxe6 Qxe6 18. Qe2 b5 19. b4 a5 20. a3 axb4 21. axb4 Ra4 22. Qb2 Qd6 23. Ra1 c3 24. Qc2 Rxb4 25. Ra8+ Nf8 26. Ne5 Rb2 27. Qf5 c2 28. Nd3 Rb1 29. Nc1 b4 30. Rc8 b3 31. Rxc7 Qxc7 32. Qxd5 b2 0-1

[Event "22nd Ruzomberok Open 2019"]
[Site "Ruzomberok"]
[Date "2019.07.05"]
[Round "7.23"]
[White "Ucekajova, Veronika"]
[Black "Verba, Vladimir"]
[Result "1-0"]
[ECO "B27"]
[WhiteElo "1836"]
[BlackElo "1708"]
[Annotator "NA"]
[PlyCount "37"]
[EventDate "2019.06.29"]
[EventType "swiss"]
[EventCountry "SVK"]
[SourceTitle "playchess.com"]
[Source "ChessBase"]
[SourceQuality "1"]
[TimeControl "40/5400+30:1800+30"]

1. e4 c5 2. Nf3 g6 3. d4 cxd4 4. Nxd4 Bg7 5. Nc3 Nc6 6. Nxc6 bxc6 7. Bc4 d6 8. O-O Nf6 9. e5 Ng8 10. exd6 exd6 11. Re1+ Ne7 12. Bg5 f6 13. Bf4 d5 14. Bxd5 cxd5 15. Nxd5 Kf7 16. Rxe7+ Qxe7 17. Nxe7 Kxe7 18. Qd6+ Kf7 19. Qd5+ 1-0

[Event "22nd Ruzomberok Open 2019"]
[Site "Ruzomberok"]
[Date "2019.07.05"]
[Round "7.25"]
[White "Profant, Jan"]
[Black "Zilkay, Dominik"]
[Result "0-1"]
[ECO "A20"]
[WhiteElo "1871"]
[BlackElo "1328"]
[Annotator "NA"]
[PlyCount "48"]
[EventDate "2019.06.29"]
[EventType "swiss"]
[EventCountry "SVK"]
[SourceTitle "playchess.com"]
[Source "ChessBase"]
[SourceQuality "1"]
[TimeControl "40/5400+30:1800+30"]

1. c4 e5 2. g3 Nc6 3. Bg2 f5 4. d3 Nf6 5. a3 a5 6. Nc3 Be7 7. Nh3 O-O 8. O-O d6 9. Rb1 Qe8 10. b4 axb4 11. axb4 f4 12. Ng5 Qh5 13. Nf3 Bh3 14. Nd5 Ng4 15. Bb2 fxg3 16. fxg3 Bxg2 17. Kxg2 Rxf3 18. Kxf3 Rf8+ 19. Nf4 exf4 20. gxf4 Nce5+ 21. Ke4 Nc6 22. f5 Bg5 23. Rh1 Re8+ 24. Kf3 Qh3# 0-1

[Event "22nd Ruzomberok Open 2019"]
[Site "Ruzomberok"]
[Date "2019.07.05"]
[Round "7.26"]
[White "Bartanus, Stanislav"]
[Black "Cabanova, Kristina"]
[Result "1/2-1/2"]
[ECO "A13"]
[WhiteElo "1781"]
[BlackElo "1728"]
[Annotator "NA"]
[PlyCount "87"]
[EventDate "2019.06.29"]
[EventType "swiss"]
[EventCountry "SVK"]
[SourceTitle "playchess.com"]
[Source "ChessBase"]
[SourceQuality "1"]
[TimeControl "40/5400+30:1800+30"]

1. c4 e6 2. Nc3 d5 3. cxd5 exd5 4. g3 Nf6 5. Bg2 c6 6. d3 Bd6 7. Nf3 O-O 8. O-O Bg4 9. h3 Bh5 10. Qb3 Qc7 11. Bg5 Nbd7 12. Rac1 Qb6 13. Qxb6 axb6 14. a3 Rfe8 15. Rfe1 b5 16. e4 Bxf3 17. Bxf3 Ne5 18. Be2 d4 19. Na2 Nfd7 20. f4 Ng6 21. Bg4 Nc5 22. Nb4 h6 23. e5 Bf8 24. Bh4 Nxh4 25. gxh4 Ra4 26. Bd1 Rxb4 27. axb4 Nxd3 28. Bb3 Bxb4 29. Rf1 Nxc1 30. Rxc1 Bd2 31. Rf1 b6 32. Kg2 Kf8 33. Kf3 c5 34. Bd5 Rd8 35. Ke4 Be3 36. Ra1 Bxf4 37. Ra7 Bg3 38. Rxf7+ Ke8 39. Rxg7 Bxh4 40. Rh7 Bg5 41. h4 Bxh4 42. Rxh6 Be7 43. Bc6+ Kf7 44. Rh7+ 1/2-1/2

[Event "22nd Ruzomberok Open 2019"]
[Site "Ruzomberok"]
[Date "2019.07.05"]
[Round "7.27"]
[White "Korenova, Simona"]
[Black "Polko, Pavol"]
[Result "1-0"]
[ECO "A22"]
[WhiteElo "1764"]
[BlackElo "1638"]
[Annotator "NA"]
[PlyCount "81"]
[EventDate "2019.06.29"]
[EventType "swiss"]
[EventCountry "SVK"]
[SourceTitle "playchess.com"]
[Source "ChessBase"]
[SourceQuality "1"]
[TimeControl "40/5400+30:1800+30"]

1. c4 e5 2. Nc3 Nf6 3. g3 Bb4 4. Bg2 Bxc3 5. bxc3 O-O 6. d4 d6 7. Nf3 Nc6 8. O-O Qd7 9. Qc2 h6 10. Rd1 Qf5 11. Qb3 Qh5 12. Nh4 g5 13. Bf3 g4 14. Bg2 e4 15. Qc2 Re8 16. Qd2 e3 17. fxe3 Ne4 18. Qd3 f5 19. Rf1 Nd8 20. Rf4 Nf7 21. Bxe4 fxe4 22. Rxe4 Bd7 23. Rxe8+ Rxe8 24. e4 b5 25. cxb5 Bxb5 26. c4 Bc6 27. d5 Bd7 28. Bf4 Ne5 29. Qd4 a5 30. c5 Rb8 31. c6 Bc8 32. Qa7 Rb2 33. Qxc7 Qe8 34. Bxe5 dxe5 35. d6 Rc2 36. d7 Bxd7 37. cxd7 Qf8 38. Qxc2 Kg7 39. Nf5+ Kf6 40. Qc6+ Kg5 41. d8=Q+ 1-0

[Event "22nd Ruzomberok Open 2019"]
[Site "Ruzomberok"]
[Date "2019.07.05"]
[Round "7.28"]
[White "Petrasko, Jozef"]
[Black "Mc Aleenan, Charles"]
[Result "0-1"]
[ECO "A11"]
[WhiteElo "1455"]
[BlackElo "1746"]
[Annotator "NA"]
[PlyCount "44"]
[EventDate "2019.06.29"]
[EventType "swiss"]
[EventCountry "SVK"]
[SourceTitle "playchess.com"]
[Source "ChessBase"]
[SourceQuality "1"]
[TimeControl "40/5400+30:1800+30"]

1. c4 c6 2. Nc3 d5 3. cxd5 cxd5 4. e3 Nc6 5. d4 Nf6 6. Nf3 Bg4 7. Bd3 e6 8. a3 Bd6 9. Nb5 Bb8 10. Qc2 O-O 11. b4 a6 12. Nc3 e5 13. e4 Bxf3 14. gxf3 Nxd4 15. Qd1 Qc8 16. Bd2 Qh3 17. Be2 Qg2 18. Rf1 dxe4 19. f4 exf4 20. Bxf4 Bxf4 21. Qxd4 Rad8 22. Qc4 Bd2+ {[%emt 0:00:22] Rh1} 0-1